 Dungeon Crawl Stone Soup version 0.28.0-43-g3370ac3207 (webtiles) character file.

Game seed: 12699084041495367425

24 croobank the Chopper (level 3, 0/33 HPs)
             Began as a Hill Orc Monk on Mar 10, 2022.
             Succumbed to an adder's poison
             ... on level 1 of the Dungeon.
             The game lasted 00:04:09 (1796 turns).

croobank the Chopper (Hill Orc Monk)                Turns: 1796, Time: 00:04:10

Health: 0/33       AC:  2    Str: 13    XL:     3   Next: 2%
Magic:  3/3        EV: 12    Int: 12    God:
Gold:   44         SH:  0    Dex: 13    Spells: 2/2 levels left

rFire   . . .      SeeInvis .   a - +0 hand axe
rCold   . . .      Faith    .   (no shield)
rNeg    . . .      Spirit   .   g - +0 robe
rPois   .          Reflect  .   (no helmet)
rElec   .          Harm     .   (no cloak)
rCorr   .          Rampage  .   (no gloves)
Will    .....                   (no boots)
Stlth   ++........              (no amulet)
HPRegen 0.11/turn               (no ring)
MPRegen 0.08/turn               (no ring)

@: brilliant, lethally poisoned (0 -> -4)
A: no striking features
a: no special abilities


You were on level 1 of the Dungeon.
You visited 1 branch of the dungeon, and saw 2 of its levels.

You collected 44 gold pieces.

Inventory:

Hand Weapons
 a - a +0 hand axe (weapon)
 b - a +0 hunting sling
Missiles
 c - 26 stones
 e - 2 atropa-tipped darts (quivered)
 f - 15 arrows
 h - 10 sling bullets
 j - 5 datura-tipped darts
Armour
 g - a +0 robe (worn)
Magical Staves
 d - a staff of conjuration
Potions
 i - a potion of brilliance


   Skills:
 + Level 3.9 Fighting
 + Level 4.3 Axes
 + Level 2.6 Dodging
 + Level 1.9 Stealth
 + Level 1.2 Invocations


You had 2 spell levels left.
You didn't know any spells.
Your spell library was empty.

Dungeon Overview and Level Annotations

Branches:
Dungeon (2/15)

Altars:


Message History

You are confused.
You feel invigorated.
* * * LOW HITPOINT WARNING * * *
You feel sick.
You hit the adder.
The adder is moderately wounded.
You feel sick. The adder bites you.
You are lethally poisoned!
The adder poisons you!
You're too confused to move!
You feel less invigorated.
You feel less confused.
You feel sick.
The adder is no longer blind.
The adder misses you.
You barely miss the adder.
The adder is moderately wounded.
You feel sick. The adder bites you.
* * * LOW HITPOINT WARNING * * *
You are lethally poisoned!
The adder poisons you! The adder closely misses you.
You miss the adder.
The adder is moderately wounded.
* * * LOW HITPOINT WARNING * * *
You feel very sick. The adder barely misses you.
* * * LOW HITPOINT WARNING * * *
You feel sick. The adder bites you but does no damage.
Throw: 3 darts (atropa)
Press: ? - help, Q - select action, (/) - cycle Shift-Dir - straight line, f/p - adder
Aim: an adder (moderately wounded, 38% to hit, chance to blind on hit: 100%)
Okay, then.
Throw: 3 darts (atropa)
Press: ? - help, Q - select action, (/) - cycle Shift-Dir - straight line, f/p - adder
Aim: an adder (moderately wounded, 38% to hit, chance to blind on hit: 100%)
You throw an atropa-tipped dart. The atropa-tipped dart hits the adder.
The adder appears confused.
The adder is moderately wounded.
* * * LOW HITPOINT WARNING * * *
You feel sick.
* * * LOW HITPOINT WARNING * * *
You feel sick.
The adder seems less confused.
You die...

#.....####### #.######### #.....#
#.........# #....## ##..).#...#
#♣#♣#♣.♣.# #.##.#######
.).......# #...........
.♣.♣#♣#♣##############..#.#######
........................#.# #.
.......################'#.######.
................@..S(.....(......
.......####.######.##.......####.
.####### #.# #.##.......# #. ##
#.######.##.......# #.
#........##.......# #.
###########.......# #.
############################# #.
...##....................#######.
.#.#..#....#.............#.......


You could see an adder (blind).

Vanquished Creatures
  A dart slug (D:1)
  2 endoplasms (D:1)
  A giant cockroach (D:1)
  3 goblins (D:1)
  A hobgoblin (D:1)
  5 bats (D:1)
  5 kobolds (D:1)
  3 rats (D:1)
21 creatures vanquished.

Notes
Turn   | Place    | Note
-------+----------+-------------------------------------------
     0 | D:1      | croobank the Hill Orc Monk began the quest for the Orb.
     0 | D:1      | Reached XP level 1. HP: 19/19 MP: 1/1
   432 | D:1      | Reached XP level 2. HP: 25/27 MP: 2/2
   790 | D:1      | Reached skill level 1 in Invocations
  1619 | D:1      | Reached XP level 3. HP: 33/33 MP: 3/3
  1776 | D:2      | Found a faded altar of an unknown god.
  1794 | D:1      | HP: 1/33 [poisoned by an adder]
  1796 | D:1      | Succumbed to an adder's poison

Illustrated notes

Levels and vault maps discovered:
D:1:      erik_arrival_cave_to_civilisation [erik_arrival_cave_to_hall],
          layout_basic, serial_forest, infiniplex_forest_clump_cross,
          infiniplex_forest_lined_3, infiniplex_forest_lined_1,
          infiniplex_forest_straight_1, infiniplex_forest_lined_3,
          infiniplex_forest_end_1
D:2:      layout_rooms, dreamdust_ecumenical_altar_statues

Skill      XL: |  1  2 |
---------------+-------+-----
Invocations    | 1 |  1.2
Fighting       | |  3.9
Axes           | |  4.3
Dodging        | |  2.6
Stealth        | |  1.9

Action                   || total
-------------------------++-------
Melee: Hand axe          ||    79
 Fire: Hunting sling     ||     8
Throw: Dart              ||     5
  Use: Potion            ||     2
 Stab: Sleeping          ||     1
Armor: Robe              ||    25
Dodge: Dodged            ||    66
